 Dungeon Crawl Stone Soup version 0.29.1-4-g47bece8355 (webtiles) character file.

Game seed: 11933136815804860913

579 cheesebisquit the Chopper (level 7, -2/66 HPs)
             Began as a Minotaur Berserker on Dec 9, 2022.
             Was a Priest of Trog.
             Killed from afar by Sigmund (6 damage)
             ... with a puff of flame
             ... on level 5 of the Dungeon.
             The game lasted 00:15:04 (3659 turns).

cheesebisquit the Chopper (Minotaur Berserker)      Turns: 3659, Time: 00:15:04

Health: -2/66      AC:  7    Str: 24    XL:     7   Next: 13%
Magic:  15/15      EV:  6    Int:  4    God:    Trog [***...]
Gold:   125        SH:  0    Dex: 15    Spells: 6/6 levels left

rFire   . . .      SeeInvis .   s - +0 war axe
rCold   . . .      Faith    .   (no shield)
rNeg    . . .      Spirit   .   t - +0 scale mail
rPois   .          Reflect  .   (helmet restricted)
rElec   .          Harm     .   (no cloak)
rCorr   .          Rampage  .   d - +0 pair of gloves
Will    ++...                   (no boots)
Stlth   ..........              g - amulet of the acrobat
HPRegen 1.21/turn               c - ring of magical power
MPRegen 0.14/turn               q - +6 ring of dexterity

@: strong-willed, held, regenerating, invisible
A: horns 2, retaliatory headbutt
a: Renounce Religion, Berserk, Trog's Hand


You were on level 5 of the Dungeon.
You worshipped Trog.
Trog was most pleased with you.
You visited 1 branch of the dungeon, and saw 5 of its levels.

You collected 191 gold pieces.
You spent 66 gold pieces at shops.

Inventory:

Hand Weapons
 a - a +0 hand axe
 s - a +0 war axe (weapon)
Missiles
 n - 5 poisoned darts (quivered)
Armour
 b - a +0 animal skin
 d - a +0 pair of gloves (worn)
 k - a +0 leather armour
 t - a +0 scale mail (worn)
Jewellery
 c - a ring of magical power (left hand)
 g - an amulet of the acrobat (around neck)
 q - a +6 ring of dexterity (right hand)
Wands
 j - a wand of charming (8)
 l - a wand of digging (3)
Scrolls
 p - a scroll of noise
 r - 2 scrolls of poison
Potions
 e - a potion of flight
 f - 2 potions of might
 h - a potion of resistance
 i - a potion of mutation
 m - a potion of curing
 u - 2 potions of degeneration {unknown}
 v - 2 potions of invisibility


   Skills:
 + Level 7.3 Fighting
 + Level 7.3 Axes
 - Level 2.7 Armour
 - Level 2.4 Dodging


You had 6 spell levels left.
You didn't know any spells.
Your spell library was empty.

Dungeon Overview and Level Annotations

Branches:
Dungeon (5/15)
 Temple: D:4-7

Altars:
Vehumet

Shops:
D:1 =   D:2 ?

Annotations:
D:5 Sigmund


Innate Abilities, Weirdness & Mutations

You have a pair of horns on your head.
You reflexively headbutt those who attack you in melee.


Message History

* * * LOW HITPOINT WARNING * * *
Really read the scroll of poison?
The air fills with toxic fumes!
As you read the scroll of poison, it crumbles to dust.
The hound bites you but does no damage. x2
As you read the scroll labelled HANKIS NAENOESKIME, it crumbles to dust.
You feel aware of your surroundings.
It was a scroll of magic mapping.
The hound bites you.
* * * LOW HITPOINT WARNING * * *
You hear a zap.
A puff of flame appears from out of thin air!
The puff of flame misses you.
Your skin crawls.
You feel strong-willed. The hound barely misses you.
You hear a zap.
A puff of flame appears from out of thin air!
The puff of flame hits you.
* * * LOW HITPOINT WARNING * * *
The hound barely misses you. You furiously retaliate!
You headbutt the hound!
You kill the hound!
Trog accepts your kill.
You hear a zap.
A puff of flame appears from out of thin air!
The puff of flame hits you.
* * * LOW HITPOINT WARNING * * *
You struggle against the net.
You hear a zap.
A puff of flame appears from out of thin air!
The puff of flame hits you.
* * * LOW HITPOINT WARNING * * *
You struggle against the net.
A magic dart appears from out of thin air!
The magic dart hits you.
* * * LOW HITPOINT WARNING * * *
You tear a large gash into the net.
You hear a zap.
A puff of flame appears from out of thin air!
The puff of flame hits you.
You die...

##..#.......,,,,,**,**,,,,,,,,,,,
##..#....§☼.,,*§§#§§..,,,,,,,,,,,
#.......##§§***#§#☼..,,,,**,,,,,,
.......##*#§####§#§.,,,,,**,,,,,*
.......####§§§§§§☼..,,,,,,*,,,,,*
....#....§§☼§§§§§§#,,,,*,,,,,*,,*
....#....☼§§§§§§☼##***,☼,,**,*,,,
....##...§§☼☼§{.§§##§§§§,,,,,,,,,
.........§§§§§§☼@§o§§§§#,,,,,,,,,
....#....§§§§§§☼§§§§☼###*,,,,,,,,
...###...§§§§§§§§§§#§#*,*,,,*,,,,
..####...☼§§☼§§§g§#§§§§,,,***,,,,
...#.....§##§§§§§§#§§§.§,,,,,,,,,
...##.....#§§#§§§§§.§§☼§,,,,*,,,,
.........§§§§#☼☼§☼☼.,§§#*,,,*,,,*
.#.......§☼§##☼☼§§§§.###*,,,,,,,*
##.#..#...#.#,,.....,***,,,,,,,,,


You could see a gnoll (unable to see you) and an orc (unable to see you).

Vanquished Creatures
  Edmund (D:5)
  2 phantoms
  A scorpion (D:4)
  A howler monkey (D:5)
  A hound (D:5)
  An orc wizard (D:4)
  Robin (D:2)
  5 adders
  A shadow imp (D:5)
  2 ufetubi
  2 worms
  3 dart slugs
  5 orcs
  7 ball pythons
  5 bats
  An endoplasm (D:4)
  3 giant cockroaches
  12 goblins
  7 hobgoblins
  5 jackals
  4 kobolds
  3 quokkas
  A frilled lizard (D:3)
  8 rats
82 creatures vanquished.

Vanquished Creatures (others)
  A plant (D:4)
1 creature vanquished.

Grand Total: 83 creatures vanquished

Notes
Turn   | Place    | Note
-------+----------+-------------------------------------------
     0 | D:1      | cheesebisquit the Minotaur Berserker began the quest for
                  | the Orb.
     0 | D:1      | Reached XP level 1. HP: 19/19 MP: 0/0
   220 | D:1      | Found Emiron's One-of-a-Kind Rings.
   912 | D:2      | Reached XP level 2. HP: 27/27 MP: 1/1
   992 | D:2      | Noticed Robin
  1003 | D:2      | Killed Robin
  1004 | D:2      | Reached XP level 3. HP: 34/34 MP: 2/2
  1678 | D:2      | Reached XP level 4. HP: 38/41 MP: 3/3
  1755 | D:2      | Found Guetamak's Magic Scroll Emporium.
  1763 | D:2      | Reached ** piety under Trog
  1768 | D:2      | Bought a scroll of identify for 22 gold pieces
  1768 | D:2      | Bought a scroll of identify for 22 gold pieces
  1768 | D:2      | Bought a scroll of identify for 22 gold pieces
  2125 | D:3      | Reached skill level 5 in Fighting
  2125 | D:3      | Reached skill level 5 in Axes
  2590 | D:4      | Noticed a scorpion
  2593 | D:4      | Killed a scorpion
  2594 | D:4      | Reached XP level 5. HP: 48/48 MP: 4/4
  2933 | D:4      | Noticed a phantom
  2942 | D:4      | Killed a phantom
  2943 | D:4      | Reached XP level 6. HP: 39/57 MP: 5/5
  3181 | D:4      | Found a radiant altar of Vehumet.
  3519 | D:5      | Entered Level 5 of the Dungeon
  3550 | D:5      | Noticed Edmund
  3551 | D:5      | Reached *** piety under Trog
  3556 | D:5      | Killed Edmund
  3637 | D:5      | Noticed Sigmund
  3652 | D:5      | Reached XP level 7. HP: 23/66 MP: 6/6
  3658 | D:5      | HP: 3/66 [something/magic dart (6)]
  3659 | D:5      | Killed from afar by Sigmund

Illustrated notes

Levels and vault maps discovered:
D:1:      lemuel_arrival_behind_the_door_large, layout_basic,
          serial_park_tiny_2, nicolae_shop_unique_rings
D:2:      layout_basic, serial_shops, shop_fountains, kennysheep_generic_room_9,
          uniq_robin
D:3:      layout_basic, minmay_misc_feat_pillars
D:4:      cheibrodos_old_hovel, layout_rooms, fiery_altar_vehumet, serial_glass,
          glass_columns_b, glass_columns_b, minivault_14
D:5:      layout_cave_pools, gammafunk_ghost_grave, uniq_grinder, uniq_menkaure,
          uniq_edmund, uniq_sigmund, uniq_blork_the_orc

Skill      XL: |  1  2  3  4  5  6 |
---------------+-------------------+-----
Fighting       | 4 5 6 7 |  7.3
Axes           | 4 5 6 7 |  7.3
Armour         | |  2.7
Dodging        | |  2.4

Action                   |  1- 3 |  4- 6 |  7- 9 || total
-------------------------+-------+-------+-------++-------
Melee: Hand axe          |    49 |    24 |       ||    73
       Headbutt          |     4 |    17 |       ||    21
       Punch             |     1 |       |       ||     1
       War axe           |       |    84 |       ||    84
Invok: Berserk           |     1 |     1 |       ||     2
       Trog's Hand       |       |       |     1 ||     1
  Use: Scroll            |       |     7 |     2 ||     9
       Potion            |       |     1 |     1 ||     2
Armor: Animal skin       |    13 |     3 |       ||    16
       Leather armour    |       |     5 |       ||     5
       Scale mail        |       |    37 |     2 ||    39
Dodge: Dodged            |    50 |    83 |     4 ||   137
